AoeStats
← s94004990

Arena

509628810Analyzed
1v1 RM · 3d ago on Sep 27, 2026· 49m 9s· 2 players
Game mode
Random Map
Map size
Tiny (2 player)
Population
200
Speed
Normal
Resources
Standard
Victory
Conquest
Starting age
Dark Age
Ending age
Imperial Age
RankedLock teamsTeams togetherTeam positionsShared explorationLock speedFull tech treeHidden civsTurbo modeCheats
Victory
Defeat
🇭🇰 Varangians · Hong Kong SAR China
1103
+17
🇹🇼 Poles · Taiwan
1115
-17
KEIYILOK
10:22 Feudal Age
14:32 Castle Age
12:51 Double-Bit Axe
12:59 Horse Collar
15:10 Wheelbarrow
16:38 Bow Saw
18:46 Wheelbarrow
19:34 Forging
20:49 Pikeman
23:17 Wheelbarrow
22:27 Loom
25:04 Heavy Plow
25:49 Squires
25:54 Scale Mail Armor
26:54 Gold Mining
26:59 Stone Mining
30:26 Imperial Age
29:58 Chain Mail Armor
30:29 Squires
31:17 Iron Casting
31:16 Elite Varangian Guard
32:55 Squires
33:29 Plate Mail Armor
35:16 Hand Cart
36:33 Fletching
37:46 Blast Furnace
37:00 Gothikon
38:07 Arson
38:09 Gambesons
38:52 Fletching
39:54 Bodkin Arrow
41:04 Chemistry
41:18 Ballistics
42:36 Masonry
43:48 Elite Skirmisher
45:58 Architecture
44:58 Halberdier
46:12 Bracer
47:01 Padded Archer Armor
47:37 Conscription
48:56 Leather Archer Armor
s94004990
9:43 Feudal Age
10:11 Horse Collar
10:19 Double-Bit Axe
11:52 Loom
15:40 Castle Age
17:55 Bow Saw
18:28 Bloodlines
17:42 Light Cavalry
23:39 Heavy Plow
25:52 Wheelbarrow
26:29 Husbandry
31:00 Imperial Age
28:49 Scale Barding Armor
28:54 Forging
30:10 Chain Barding Armor
31:21 Cavalier
32:43 Iron Casting
33:10 Hand Cart
32:40 Town Watch
33:34 Conscription
33:20 Szlachta Privileges
33:55 Crop Rotation
34:00 Stone Mining
34:00 Gold Mining
37:10 Blast Furnace
38:16 Ballistics
38:57 Chemistry
37:57 Fletching
38:07 Padded Archer Armor
40:02 Bodkin Arrow
40:23 Leather Archer Armor
39:44 Winged Hussar
42:11 Bracer
44:41 Lechitic Legacy
Connection lost

Rejoining the realm…

Still unreachable

The connection could not be restored.

Session expired

The server has moved on; the page needs a fresh start.